 Dungeon Crawl Stone Soup version 0.23-a0-396-g5214e5f (webtiles) character file.

26 Firecrotchwizard the Chopper (level 2, 0/23 HPs)
             Began as a Demonspawn Gladiator on Nov 3, 2018.
             Slain by a hobgoblin
             ... wielding a +0 club
             ... led by Robin
              (7 damage)
             ... on level 2 of the Dungeon.
             The game lasted 00:00:45 (872 turns).

Firecrotchwizard the Chopper (Demonspawn Gladiator)  Turns: 872, Time: 00:00:45

Health: 0/23       AC:  3    Str: 14    XL:     2   Next: 89%
Magic:  2/2        EV: 12    Int:  9    God:
Gold:   39         SH:  0    Dex: 14    Spells: 1/1 levels left

rFire    . . .     SeeInvis .   a - +0 war axe
rCold    . . .     Gourm    .   (no shield)
rNeg     . . .     Faith    .   b - +0 leather armour
rPois    .         Spirit   .   (helmet restricted)
rElec    .         Reflect  .   (no cloak)
rCorr    .         Harm     .   (no gloves)
MR       .....                  (no boots)
Stlth    +.........             (no amulet)
HPRegen  0.07/turn              (no ring)
MPRegen  0.08/turn              (no ring)

@: no status effects
A: antennae 1
a: no special abilities


You were on level 2 of the Dungeon.
You were not hungry.

You visited 1 branch of the dungeon, and saw 2 of its levels.

You collected 39 gold pieces.

Inventory:

Hand Weapons
 a - a +0 war axe (weapon)
Missiles
 d - 3 throwing nets {=f, !d}
Armour
 b - a +0 leather armour (worn)
 c - a +0 helmet
Jewellery
 h - an uncursed ring of protection from cold {unknown}
   (You found it on level 1 of the Dungeon)
Scrolls
 e - 2 scrolls of fear {unknown}
 i - a scroll of identify {unknown}
 k - a scroll of enchant armour {unknown}
Potions
 j - a potion of brilliance {unknown}
 l - a potion of flight {unknown}
Comestibles
 f - 3 rations
 g - a chunk of flesh {@w0}


   Skills:
 + Level 2.5 Fighting
 * Level 3.4 Axes
 - Level 1.7 Throwing
 - Level 2.6 Dodging


You had one spell level left.
You didn't know any spells.
Your spell library was empty.

Dungeon Overview and Level Annotations

Branches:
Dungeon (2/15)

Altars:

Annotations:
D:2 Robin


Innate Abilities, Weirdness & Mutations

You have a pair of small antennae on your head.


Message History

a +0 club; a goblin corpse No target in view!
You butcher the goblin corpse.
g - 7 chunks of flesh {@w0} (gained 1)
Things that are here:
a +0 club; a goblin skeleton
Things that are here:
a +0 club; a goblin skeleton As you open the door, it creaks loudly!
A ball python comes into view.
There is an open door here.
Health restored: 23 The ball python barely misses you.
The ball python closely misses you.
A ball python is nearby!
You slash the ball python!
You kill the ball python!
Some of the chunks of flesh in your inventory have rotted away.
Found a stone staircase leading down.
No target in view!
You now have 28 gold pieces (gained 15).
You open the door.
There is an open door here.
l - a black potion No target in view!
f - 3 rations (gained 1) Some of the chunks of flesh in your inventory have rotted away.
There is a stone staircase leading down here.
There is an open door here.
Some of the chunks of flesh in your inventory have rotted away.
You open the door.
There is an open door here.
You sense a monster nearby.
No target in view!
A rat comes into view.
You closely miss the rat. The rat closely misses you. The rat bites you.
You take 2 damage, and have 21/23 hp.
A rat is nearby!
You slash the rat!
You kill the rat!
No target in view!
Some of the chunks of flesh in your inventory have rotted away.
Some of the chunks of flesh in your inventory have rotted away.
There is an open door here.
You open the door.
There is an open door here.
You open the door.
There is an open door here.
All of the chunks of flesh in your inventory have rotted away.
A rat comes into view.
Health restored: 23 A rat is nearby!
The rat misses you.
A rat is nearby!
You hit the rat.
You kill the rat!
You butcher the rat corpse.
g - a chunk of flesh {@w0} You see here a rat skeleton. x2
You open the door.
There is an open door here.
Done exploring.
No target in view!
Done exploring.
No target in view!
Done exploring.
No target in view!
(D) Dungeon
Where to? (? - help)
There is a stone staircase leading down here.
You climb downwards.
There is a stone staircase leading up here.
You now have 39 gold pieces (gained 11).
You sense a monster nearby.
No target in view! 3 goblins, a hobgoblin and Robin come into view.
The goblin shouts! x2; The hobgoblin shouts!
You hear a shout!
The goblin shouts!
Robin shouts!
You hear a shout!
Robin roars a battlecry!
The goblins go into a battle-frenzy!
You hit the goblin.
A goblin comes into view.
There are monsters nearby!
You closely miss the goblin. The goblin hits you with a +0 club.
You take 4 damage, and have 19/23 hp.
You hit the goblin.
You kill the goblin!
You hit the hobgoblin. The hobgoblin hits you with a +0 club.
Robin throws the goblin at you!
There are monsters nearby!
You are too injured to fight recklessly!
You take 7 damage, and have 12/23 hp.
MASSIVE DAMAGE!!
You are too injured to fight recklessly!
You barely miss the hobgoblin. You closely miss the goblin.
You slash the goblin!
You kill the goblin!
The goblin hits you.
A goblin comes into view. It is wielding a +0 club.
The hobgoblin hits you with a +0 club!
You die...

#.#..# # #.#..# ..#
#.#..# #.# #.#..#
#.## ####.#... ...
#....#.## #..
#.#..#.######.####g#
#...##......ggg..g.#
##.## #@# #.#######
#.# #.......####.#
#######.##...#
#.##.### #.##.#
#.##.# #.##.# #.##.#


You could see Robin, a hobgoblin and 3 goblins.

Vanquished Creatures
  An ooze (D:1)
  2 dart slugs (D:1)
  2 bats (D:1)
  2 giant cockroaches (D:1)
  3 goblins
  A kobold (D:1)
  A ball python (D:1)
  7 rats (D:1)
19 creatures vanquished.

Notes
Turn   | Place    | Note
-------+----------+-------------------------------------------
     0 | D:1      | Firecrotchwizard the Demonspawn Gladiator began the quest
                  | for the Orb.
     0 | D:1      | Reached XP level 1. HP: 16/16 MP: 1/1
   290 | D:1      | Reached skill level 3 in Axes
   307 | D:1      | Gained mutation: You have a pair of small antennae on your
                  | head. [demonic ancestry]
   307 | D:1      | Reached XP level 2. HP: 22/22 MP: 2/2
   868 | D:2      | Noticed Robin
   872 | D:2      | Slain by a hobgoblin

Vault maps used:
D:1:      dpeg_arrival_round_c
D:2:      overflow_temple_1_default, uniq_robin

Skill      XL: |  1 |
---------------+----+-----
Axes           | 3 |  3.4
Fighting       | |  2.5
Throwing       | |  1.7
Dodging        | |  2.6

Action                   || total
-------------------------++-------
Melee: War axe           ||    36
Armor: Leather armour    ||     9
Dodge: Dodged            ||    29

Table legend:
 A = Non-vault XP
 B = Vault XP
 C = Vault XP percentage of total XP
 D = Non-vault monster count
 E = Vault monster count
 F = Vault count percentage of total count
                 A         B        C        D         E       F
            +---------+---------+-------+---------+---------+-------
      Total |      35 |       3 |   7.9 |      17 |       2 |  10.5
            +---------+---------+-------+---------+---------+-------
        D:1 |      35 |       0 |   0.0 |      17 |       0 |   0.0
        D:2 |       0 |       3 | 100.0 |       0 |       2 | 100.0
            +---------+---------+-------+---------+---------+-------

Vault maps used:
D:1:      dpeg_arrival_round_c
D:2:      overflow_temple_1_default, uniq_robin

Table legend:
 A = Turns spent in this place as a percentage of turns spent in the entire game.
 B = Non-inter-level travel turns spent in this place as a percentage of non-inter-level travel turns spent in the entire game.
 C = Inter-level travel turns spent in this place as a percentage of turns spent in this place.
 D = Turns resting spent in this place as a percentage of non-inter-level travel turns spent in this place.
 E = Turns spent auto-exploring this place as a percentage of non-inter-level travel turns spent in this place.
 F = Non-inter-level travel turns spent in this place divided by the number of levels of this place that you've seen.
                   A       B       C       D       E      F
               +-------+-------+-------+-------+-------+----------------------
         Total | 100.0 | 100.0 |   2.4 |  21.0 |  66.6 | 425.5
       Dungeon | 100.0 | 100.0 |   2.4 |  21.0 |  66.6 | 425.5
               +-------+-------+-------+-------+-------+----------------------

Table legend:
 A = Kills in this place as a percentage of kills in entire the game.
 B = Kills by you in this place as a percentage of kills by you in the entire game.
 C = Kills by friends in this place as a percentage of kills by friends in the entire game.
 D = Other kills in this place as a percentage of other kills in the entire game.
 E = Experience gained in this place as a percentage of experience gained in the entire game.
 F = Experience gained in this place divided by the number of levels of this place that you have seen.
                   A       B       C       D       E      F
               +-------+-------+-------+-------+-------+----------------------
         Total | 100.0 | 100.0 |   N/A |   N/A | 100.0 |  19.0
       Dungeon | 100.0 | 100.0 |   N/A |   N/A | 100.0 |  19.0
               +-------+-------+-------+-------+-------+----------------------
